 Dungeon Crawl Stone Soup version 0.28-a0-511-gcc94558de3 (webtiles) character file.

Game seed: 12163027699343803039

6041 RepHenryClay the Destroyer (level 10, -2/50 HPs)
             Began as a Deep Elf Conjurer on Sept 21, 2021.
             Was a Priest of Vehumet.
             Slain by a two-headed ogre (25 damage)
             ... on level 9 of the Dungeon.
             The game lasted 00:25:01 (11568 turns).

RepHenryClay the Destroyer (Deep Elf Conjurer)     Turns: 11568, Time: 00:25:02

Health: -2/50      AC:  4    Str:  4    XL:     10   Next: 56%
Magic:  5/22       EV: 16    Int: 26    God:    Vehumet [***...]
Gold:   440        SH:  5    Dex: 14    Spells: 6/23 levels left

rFire   . . .      SeeInvis .   j - +0 short sword (venom)
rCold   . . .      Faith    .   l - +0 buckler
rNeg    . . .      Spirit   .   u - +0 robe {Archmagi}
rPois   +          Reflect  .   i - +0 helmet
rElec   .          Harm     .   m - +0 cloak
rCorr   .          Rampage  .   (no gloves)
Will    +....      Archmagi +   (no boots)
Stlth   +++.......              b - amulet of the acrobat
HPRegen 0.16/turn               o - ring of poison resistance
MPRegen 0.18/turn               (no ring)

@: no status effects
A: no striking features
a: Renounce Religion


You were on level 9 of the Dungeon.
You worshipped Vehumet.
Vehumet was most pleased with you.
You visited 2 branches of the dungeon, and saw 10 of its levels.

You collected 530 gold pieces.
You spent 90 gold pieces at shops.

Inventory:

Hand Weapons
 j - a +0 short sword of venom (weapon)
Armour
 i - a +0 helmet (worn)
 l - a +0 buckler (worn)
 m - a +0 cloak (worn)
 u - a +0 robe of the Archmagi (worn)
Jewellery
 b - an amulet of the acrobat (around neck)
 o - a ring of poison resistance (left hand)
 E - a ring of willpower
Wands
 f - a wand of iceblast (2)
 t - a wand of digging (10)
 w - a wand of paralysis (12)
 C - a wand of flame (17)
Scrolls
 g - 4 scrolls of teleportation {unknown}
 h - 2 scrolls of amnesia {unknown}
 n - a scroll of enchant armour {unknown}
 p - a scroll of torment {unknown}
 s - 2 scrolls of magic mapping {unknown}
 v - 2 scrolls of noise {unknown}
 y - 2 scrolls of vulnerability {unknown}
 B - a scroll of silence {unknown}
Potions
 c - a potion of resistance
 d - 2 potions of berserk rage
 e - 5 potions of curing
 k - 3 potions of heal wounds
 q - a potion of mutation
 r - 3 potions of might
 x - 2 potions of haste
 z - a potion of attraction
 A - a potion of lignification {unknown}
 D - 2 potions of invisibility


   Skills:
 - Level 9.0 Dodging
 - Level 4.3 Stealth
 - Level 5.5 Shields
 - Level 7.2 Spellcasting
 - Level 10.1 Conjurations
 - Level 5.7 Hexes
 - Level 4.8 Translocations
 + Level 4.0 Earth Magic


You had 6 spell levels left.
You knew the following spells:

 Your Spells              Type           Power      Damage    Failure   Level
a - Magic Dart            Conj           100%       1d8       1%          1
b - Searing Ray           Conj           100%       2d8       1%          2
c - Iskenderun's Mystic   Conj/Tloc      64%        2d13      1%          4
d - Fulminant Prism       Conj/Hex       33%        3d16      1%          4
e - Mephitic Cloud        Conj/Pois/Air  40%        N/A       1%          3
f - Stone Arrow           Conj/Erth      100%       3d13      1%          3

Your spell library contained the following spells:

 Spells                   Type           Power      Damage    Failure   Level
 Shock                    Conj/Air       100%       1d9       1%          1
 Slow                     Hex            56%        N/A       1%          2
 Confusing Touch          Hex            56%        N/A       1%          3
 Dazzling Flash           Conj/Hex       100%       N/A       1%          3
 Tukima's Dance           Hex            56%        N/A       1%          3
 Ensorcelled Hibernation  Hex/Ice        72%        N/A       2%          2
 Beastly Appendage        Tmut           28%        N/A       6%          1
 Wereblood                Tmut           14%        N/A       10%         2
 Yara's Violent Unravell  Hex/Tmut       18%        3d9       13%         5
 Airstrike                Air            7%         N/A       16%         4
 Spider Form              Tmut/Pois      7%         N/A       19%         3
 Swiftness                Air            14%        N/A       19%         3


Dungeon Overview and Level Annotations

Branches:
Dungeon (9/15)             Temple (1/1) D:4
   Lair: D:8-11         Orc: D:9-12

Altars:
Ashenzari
Cheibriados
Dithmenos
Fedhas
Gozag
Hepliaklqana
Kikubaaqudgha
Nemelex Xobeh
Okawaru
Qazlal
Ru
Sif Muna
Trog
Uskayaw
Vehumet
Zin
The Shining One

Shops:
D:2 [

Annotations:
D:7 4 runed translucent doors
D:8 Harold
D:9 3 runed translucent doors


Message History

Press: ? - help, Shift-Dir - straight line, f - two-headed ogre, p - howler monkey zombie
Aim: a two-headed ogre, wielding two +0 giant clubs (noxious fumes, lightly wounded, 89% to hit)
You feel a surge of power!
The stone arrow hits the howler monkey zombie!!!
You destroy the howler monkey zombie!
Vehumet accepts your kill.
You feel your power returning.
The two-headed ogre is engulfed in noxious fumes.
The two-headed ogre appears confused.
Casting: Stone Arrow (safe; 1% risk of failure)
Confirm with . or Enter, or press ? or * to list all spells.
Aiming: Stone Arrow (safe; 1% risk of failure)
Press: ? - help, Shift-Dir - straight line, f/p - two-headed ogre
Aim: a two-headed ogre, wielding two +0 giant clubs (noxious fumes, lightly wounded, confused, 98% to hit)
You feel a surge of power!
The stone arrow hits the two-headed ogre!
The two-headed ogre is moderately wounded.
The two-headed ogre is engulfed in noxious fumes.
The two-headed ogre appears confused.
Casting: Stone Arrow (safe; 1% risk of failure)
Confirm with . or Enter, or press ? or * to list all spells.
Aiming: Stone Arrow (safe; 1% risk of failure)
Press: ? - help, Shift-Dir - straight line, f/p - two-headed ogre
Aim: a two-headed ogre, wielding two +0 giant clubs (moderately wounded, confused, 98% to hit)
You feel a surge of power!
The stone arrow hits the two-headed ogre!!
The two-headed ogre is severely wounded.
Casting: Stone Arrow (safe; 1% risk of failure)
Confirm with . or Enter, or press ? or * to list all spells.
Aiming: Stone Arrow (safe; 1% risk of failure)
Press: ? - help, Shift-Dir - straight line, f/p - two-headed ogre
Aim: a two-headed ogre, wielding two +0 giant clubs (severely wounded, confused, 98% to hit)
You feel a surge of power!
The stone arrow hits the two-headed ogre!!
The two-headed ogre is almost dead.
The two-headed ogre hits you with a +0 giant club!!
Ouch! That really hurt!
The two-headed ogre hits you with a +0 giant club!!
Ouch! That really hurt!
You die...

........##..###.## #.#
#.........# ### ###.#
#.###.##.## ##.#.#
#)......##'## ##....#
###..##.#...## ##.....## ##
##......###....<..##
...........#...>.....#
#.#.......>.#..○☼...#######
..'.........@O.○○..........
#.#.........#........######
#.##.......##.##.[##.#
##.....###.##.## .# ##...#.
..... .# ##'# . .##. .# #.
#.### .# # .. .#


You could see a two-headed ogre (confused).

Vanquished Creatures
  A two-headed ogre (D:9)
  Pikel (D:9)
  A troll (D:9)
  A shadow (D:9)
  Menkaure (D:5)
  2 water moccasins
  A sky beast (D:7)
  Duvessa (D:4)
  An orc warrior (D:6)
  3 black bears
  A centaur (D:9)
  A lemure (D:9)
  A phantom (D:6)
  Blork the orc (D:5)
  3 kobold brigands
  A gnoll sergeant (D:8)
  4 scorpions
  6 bullfrogs
  Dowan (D:4)
  A water moccasin zombie (D:5)
  A water moccasin skeleton (D:4)
  16 killer bees
  4 wights (D:9)
  9 howler monkeys
  A vampire bat (D:5)
  A bullfrog zombie (D:3)
  3 centaur zombies
  3 jellies
  6 hounds
  3 bullfrog skeletons
  4 iguanas
  5 orc wizards
  A hound zombie (D:5)
  A howler monkey zombie (D:9)
  12 gnolls
  5 adders
  3 ufetubi
  2 adder skeletons (D:5)
  3 worms
  2 dart slugs
  3 fire bats (D:5)
  39 orcs
  2 spectral bats (D:5)
  5 ball pythons
  16 bats
  3 bat skeletons (D:5)
  A bat zombie (D:5)
  4 endoplasms
  4 giant cockroaches
  7 goblins
  9 hobgoblins
  3 quokkas
  A bat simulacrum (D:5)
  2 frilled lizards
  21 kobolds
  5 rats
243 creatures vanquished.

Vanquished Creatures (collateral kills)
  A killer bee (D:9)
1 creature vanquished.

Vanquished Creatures (others)
  An orc wizard (D:8)
  10 fulminant prisms
11 creatures vanquished.

Grand Total: 255 creatures vanquished

Notes
Turn   | Place    | Note
-------+----------+-------------------------------------------
     0 | D:1      | RepHenryClay the Deep Elf Conjurer began the quest for the
                  | Orb.
     0 | D:1      | Reached XP level 1. HP: 10/10 MP: 6/6
    25 | D:1      | Reached XP level 2. HP: 15/15 MP: 0/8
    29 | D:1      | Learned a level 2 spell: Searing Ray
   616 | D:1      | Found a faded altar of an unknown god.
   882 | D:2      | Reached XP level 3. HP: 19/19 MP: 7/10
  1210 | D:2      | Found Azah Xuu's Antique Armour Boutique.
  1217 | D:2      | Bought a buckler for 90 gold pieces
  1408 | D:2      | Reached XP level 4. HP: 24/24 MP: 7/11
  1466 | D:2      | Found a blossoming altar of Fedhas.
  1684 | D:2      | Reached skill level 5 in Conjurations
  2047 | D:3      | Noticed a water moccasin
  2055 | D:3      | Killed a water moccasin
  2056 | D:3      | Reached XP level 5. HP: 28/28 MP: 8/14
  2111 | D:3      | Found a sacrificial altar of Ru.
  2427 | D:3      | Reached XP level 6. HP: 32/32 MP: 15/15
  2478 | D:3      | Reached skill level 6 in Conjurations
  2713 | D:3      | Found a glowing golden altar of the Shining One.
  2931 | D:3      | Found a shadowy altar of Dithmenos.
  3165 | D:4      | Noticed Duvessa
  3206 | D:4      | Noticed Dowan
  3312 | D:3      | Upgraded the game from 0.28-a0-503-g83f2989fac to
                  | 0.28-a0-511-gcc94558de3
  3397 | D:4      | Reached skill level 7 in Conjurations
  3691 | D:4      | Killed Duvessa
  3692 | D:4      | Reached XP level 7. HP: 31/36 MP: 8/16
  3906 | D:4      | Found a staircase to the Ecumenical Temple.
  3925 | Temple   | Entered the Ecumenical Temple
  3975 | Temple   | Became a worshipper of Vehumet
  4062 | D:4      | Killed Dowan
  4063 | D:4      | Reached skill level 5 in Dodging
  4242 | D:5      | Entered Level 5 of the Dungeon
  4512 | D:5      | Reached skill level 8 in Conjurations
  4596 | D:5      | Noticed Menkaure
  4606 | D:5      | Killed Menkaure
  4745 | D:5      | Learned a level 4 spell: Iskenderun's Mystic Blast
  4950 | D:5      | Noticed Blork the orc
  4958 | D:5      | Learned a level 4 spell: Fulminant Prism
  5099 | D:5      | Killed Blork the orc
  5100 | D:5      | Reached XP level 8. HP: 34/41 MP: 8/17
  6138 | D:5      | Reached * piety under Vehumet
  6138 | D:5      | Offered knowledge of Foxfire by Vehumet.
  6157 | D:5      | Found an opulent altar of Gozag.
  6163 | D:5      | Found an ancient bone altar of Kikubaaqudgha.
  6415 | D:5      | Reached skill level 5 in Shields
  6827 | D:6      | Found a hide-covered altar of Uskayaw.
  7148 | D:6      | Found an iron altar of Okawaru.
  7477 | D:6      | Reached XP level 9. HP: 45/45 MP: 13/18
  7607 | D:7      | Reached skill level 1 in Hexes
  7607 | D:7      | Reached skill level 1 in Translocations
  7829 | D:7      | Offered knowledge of Static Discharge by Vehumet.
  7989 | D:7      | Found a broken altar of Ashenzari.
  7999 | D:7      | Reached ** piety under Vehumet
  8226 | D:7      | Found a huge runed translucent gate.
  8226 | D:7      | Found a huge runed translucent gate.
  8226 | D:7      | Found a huge runed translucent gate.
  8226 | D:7      | Found a huge runed translucent gate.
  8226 | D:7      | Noticed a polar bear
  8226 | D:7      | Noticed a polar bear
  8226 | D:7      | Noticed a polar bear
  8226 | D:7      | Noticed a death yak
  8226 | D:7      | Noticed a polar bear
  8236 | D:7      | Reached skill level 5 in Hexes
  8350 | D:7      | Found a hazy altar of Hepliaklqana.
  8401 | D:7      | Found a bloodstained altar of Trog.
  9080 | D:7      | Found a stormy altar of Qazlal.
  9198 | D:8      | Reached skill level 9 in Conjurations
  9261 | D:8      | Offered knowledge of Mephitic Cloud by Vehumet.
  9271 | D:7      | Learned a level 3 spell: Mephitic Cloud
  9411 | D:8      | Noticed Harold
  9650 | D:8      | Reached *** piety under Vehumet
 10303 | D:9      | Noticed a troll
 10310 | D:9      | Killed a troll
 10311 | D:9      | Reached XP level 10. HP: 50/50 MP: 12/19
 10565 | D:9      | Reached skill level 10 in Conjurations
 10633 | D:9      | Noticed Pikel
 10988 | D:9      | Offered knowledge of Stone Arrow by Vehumet.
 10993 | D:9      | Learned a level 3 spell: Stone Arrow
 11054 | D:9      | Found a runed translucent gate.
 11054 | D:9      | Noticed a cyan ugly thing
 11054 | D:9      | Noticed a purple ugly thing
 11054 | D:9      | Noticed a white ugly thing
 11054 | D:9      | Noticed a cyan ugly thing
 11055 | D:9      | Noticed a white very ugly thing
 11055 | D:9      | Noticed a purple ugly thing
 11056 | D:9      | Found a runed translucent gate.
 11056 | D:9      | Found a runed translucent gate.
 11056 | D:9      | Noticed a green ugly thing
 11107 | D:9      | Reached skill level 5 in Spellcasting
 11135 | D:9      | Noticed a two-headed ogre
 11137 | D:9      | Noticed a two-headed ogre
 11348 | D:9      | Killed Pikel
 11479 | D:9      | Killed a two-headed ogre
 11568 | D:9      | Slain by a two-headed ogre

Illustrated notes

Levels and vault maps discovered:
D:1:      saegor_arrival_miasma, layout_basic,
          shapermc_ecumenical_altar_mp_ritualfount, corner_web_ring
D:2:      layout_basic, basic_altar, serial_shops, shop, minmay_statues_item
D:3:      layout_loops_ring, general_overflow_altar,
          nicolae_dithmenos_shadow_blocks, mainiacjoe_overflow_alcove_2
D:4:      layout_rooms, minmay_temple_entry_antechambers, minmay_pentomino_pile,
          uniq_duvessa
D:5:      layout_gridville, amethyst_overflow_temple_binary, goddamned_bats,
          uniq_blork_the_orc, uniq_menkaure
D:6:      layout_basic, mainiacjoe_overflow_catch_the_wave
D:7:      lemuel_bear_cage, layout_cave_pods, nicolae_qazlal_style_of_elements,
          trog_hazing_becter, old_standard_altar,
          nicolae_hepliaklqana_hippocampus
D:8:      layout_basic, uniq_harold
D:9:      minmay_goldmine, layout_loops_corners,
          ploomutoo_gammafunk_ghost_potion_laboratory, uniq_pikel
Temple:   cyrus_temple_forest

Skill      XL: |  1  2  3  4  5  6  7  8  9 10 |
---------------+-------------------------------+-----
Stealth        | 3 4 |  4.3
Dodging        | 3 4 5 6 8 9 |  9.0
Spellcasting   | 4 7 |  7.2
Conjurations   | 5 7 8 9 10 | 10.1
Shields        | 2 5 |  5.5
Hexes          | 5 |  5.7
Translocations | 4 |  4.8
Earth Magic    | 4 |  4.0

Action                   |  1- 3 |  4- 6 |  7- 9 | 10-12 || total
-------------------------+-------+-------+-------+-------++-------
Melee: Unarmed           |     1 |       |       |       ||     1
       Short sword       |       |    27 |   141 |    24 ||   192
 Cast: Magic Dart        |    62 |    49 |    97 |    20 ||   228
       Searing Ray       |       |    20 |    49 |    10 ||    79
       Iskenderun's Myst |       |       |     6 |       ||     6
       Fulminant Prism   |       |       |    10 |       ||    10
       Mephitic Cloud    |       |       |     4 |     7 ||    11
       Stone Arrow       |       |       |       |     9 ||     9
Evoke: Wand              |       |     1 |     1 |       ||     2
  Use: Scroll            |       |     2 |     1 |     4 ||     7
 Stab: Sleeping          |       |     2 |       |     2 ||     4
       Confused          |       |       |       |     1 ||     1
Armor: Robe              |     5 |     5 |    37 |     5 ||    52
Dodge: Dodged            |     5 |    40 |   225 |    55 ||   325
Block: Buckler           |       |       |    73 |    20 ||    93

Table legend: (Time is in decaauts)
 A = Elapsed time spent in this place.
 B = Non-inter-level travel time spent in this place.
 C = Inter-level travel time spent in this place.
 D = Time resting spent in this place.
 E = Time spent auto-exploring this place.
 F = Levels seen in this place.
 G = Mean time per level.
                   A        B        C        D        E       F      G
               +--------+--------+--------+--------+--------+-----+--------+
         Total |  11605 |  11029 |    576 |   2572 |   6581 |  10 | 1160.5 |
       Dungeon |  11533 |  10980 |    553 |   2572 |   6543 |   9 | 1281.4 |
        Temple |     72 |     50 |     22 |      0 |     38 |   1 |   72.0 |
               +--------+--------+--------+--------+--------+-----+--------+

Top non-repeatable levels by time:
     D:5: 2372 daAuts
     D:7: 1541 daAuts
     D:3: 1508 daAuts
     D:8: 1307 daAuts
     D:2: 1125 daAuts
     D:9: 1066 daAuts
     D:6: 1048 daAuts
     D:1: 843 daAuts
     D:4: 718 daAuts
  Temple: 72 daAuts
